 Dungeon Crawl Stone Soup version 0.26-a0-1184-g95e395e029 (webtiles) character file.

Game seed: 15327681761321708708

21 sokol815 the Sneak (level 2, -3/21 HPs)
             Began as an Octopode Delver on Dec 27, 2020.
             Slain by Grinder (5 damage)
             ... on level 4 of the Dungeon.
             The game lasted 00:02:41 (470 turns).

sokol815 the Sneak (Octopode Delver)                 Turns: 470, Time: 00:02:42

Health: -3/21      AC:  1    Str: 11    XL:     2   Next: 83%
Magic:  2/2        EV: 14    Int: 12    God:
Gold:   48         SH:  0    Dex: 13    Spells: 1/1 levels left

rFire    . . .     SeeInvis .   a - +1 short sword (elec)
rCold    . . .     Faith    .   (no shield)
rNeg     . . .     Spirit   .   (helmet restricted)
rPois    .         Reflect  .   (no amulet)
rElec    .         Harm     .   (no ring)
rCorr    .         Rampage  .   (no ring)
Will     .....                  (no ring)
Stlth    ++++......             (no ring)
HPRegen  0.07/turn              (no ring)
MPRegen  0.08/turn              (no ring)
                                (no ring)
                                (no ring)

@: no status effects
A: almost no armour, stealthy swim, amphibious, 8 rings, constrict 8, camouflage
1, gelatinous body 1
a: no special abilities


You were on level 4 of the Dungeon.
You visited 1 branch of the dungeon, and saw 2 of its levels.

You collected 48 gold pieces.

Inventory:

Hand Weapons
 a - a +1 short sword of electrocution (weapon)
   (You found it on level 5 of the Dungeon)
 h - a +0 falchion
Wands
 f - a wand of digging (3)
Scrolls
 b - a scroll of fog
 c - a scroll of magic mapping {!r}
 d - a scroll of fear
 g - 2 scrolls of remove curse {unknown}
 k - a scroll of identify {unknown}
 m - a scroll of enchant weapon {unknown}
Potions
 e - a potion of haste
 i - 2 potions of heal wounds {unknown}
 j - a potion of ambrosia {unknown}
 l - 2 potions of curing {unknown}


   Skills:
 - Level 3.0 Fighting
 + Level 1.5(2.0) Short Blades
 - Level 2.0(2.2) Long Blades
 + Level 2.7 Dodging
 - Level 6.6 Stealth


You had one spell level left.
You didn't know any spells.
Your spell library contained the following spells:

 Spells                   Type           Power        Failure   Level
 Shock                    Conj/Air       0%           32%         1
 Swiftness                Air            0%           45%         2
 Static Discharge         Conj/Air       0%           69%         3
 Airstrike                Air            0%           97%         4
 Lightning Bolt           Conj/Air       0%           100%        5


Dungeon Overview and Level Annotations

Branches:
Dungeon (5/15)
 Temple: D:4-7

Altars:
Elyvilon
Yredelemnul

Shops:
D:4 (

Annotations:
D:4 Grinder


Innate Abilities, Weirdness & Mutations

You cannot wear most types of armour.
You are very stealthy in the water. (Stealth+)
You are amphibious.
You can wear up to eight rings at the same time.
You can use your tentacles to constrict eight enemies at once.
Your skin changes colour to match your surroundings (Stealth+).
Your rubbery body absorbs attacks. (AC +1, EV +1)


Message History

a - a +1 short sword of electrocution (weapon)
h - a +0 falchion You now have 6 gold pieces.
A shadow imp comes into view.
You see here a pair of boots.
Here: a shadow imp (asleep)
The floor.
The shadow imp shouts, "Scamper home, thou clouted earth-vexing jarkman!"
You hit the shadow imp but do no damage.
Lightning courses through the shadow imp!
You kill the shadow imp!
Your Short Blades skill increases to level 1!
You have reached level 2!
Health restored: 21; MP restored: 2 A worm comes into view.
A frilled lizard comes into view.
You puncture the frilled lizard!
You kill the frilled lizard!
The helpless worm fails to defend itself.
You puncture the worm! Lightning courses through the worm!
You kill the worm!
You see here a worm corpse.
You open the door.
Found a basalt altar of Yredelemnul.
Found an escape hatch in the floor.
There is an open door here.
g - 2 scrolls labelled QUMADY PARETE (gained 1)
i - a purple potion
Okay, then.
An orc wizard comes into view. It is wielding a +0 dagger.
You pick up a book of Air and begin reading...
You add the spells Shock, Swiftness, Static Discharge, Airstrike and Lightning Bolt to your library.
Okay, then.
You now have 15 gold pieces (gained 9).
j - a fizzy purple potion You now have 30 gold pieces (gained 15).
k - a scroll labelled HOADWU XOAJIYGH
l - a bubbling black potion
m - a scroll labelled NETYCKECAMP You see here a club.
Found a stone staircase leading down.
i - 2 purple potions (gained 1)
There is a stone staircase leading down here.
There is a stone staircase leading down here.
Found a stone staircase leading up.
(D) Dungeon
Where to? (? - help)
An orc priest comes into view. It is wielding a +0 war axe.
An orc comes into view. It is wielding a +0 war axe.
There is a stone staircase leading up here.
You climb upwards.
There is a stone staircase leading down here.
Found a stone staircase leading down.
You now have 35 gold pieces (gained 5).
You see here a quarterstaff.
Found a white marble altar of Elyvilon.
You open the door.
Found a stone staircase leading down.
There is an open door here.
You see here a robe.
There is a stone staircase leading down here.
l - 2 bubbling black potions (gained 1)
You open the door.
There is an open door here.
You now have 48 gold pieces (gained 13).
An adder comes into view.
A scorpion comes into view.
You closely miss the adder. Your grab misses the adder.
The adder barely misses you.
You closely miss the adder. You grab the adder. You squeeze the adder!
You constrict the adder.
You kill the adder!
You open the door.
Found Arramem's Antique Weapon Shop.
There is an open door here.
You close the door.
There is an entrance to Arramem's Antique Weapon Shop here.
Grinder comes into view.
Grinder shouts!
Grinder completely misses you.
Unknown command.
You hit Grinder but do no damage. You grab Grinder.
Your squeeze misses Grinder.
You constrict Grinder, but do no damage.
Grinder barely misses you.
You hit Grinder but do no damage. You constrict Grinder. Grinder hits you.
You writhe in agony.
You take 7 damage, and have 14/21 hp.
MASSIVE DAMAGE!!
You hit Grinder but do no damage. You squeeze Grinder! You constrict Grinder.
Grinder barely misses you.
You hit Grinder. You constrict Grinder. Grinder closely misses you.
You hit Grinder. You constrict Grinder.
Grinder grins, showing sharp teeth.
Grinder hits you!
You writhe in agony.
* * * LOW HITPOINT WARNING * * *
You take 12 damage, and have 2/21 hp.
MASSIVE DAMAGE!!
You hit Grinder but do no damage. Your squeeze misses Grinder.
You constrict Grinder. Grinder hits you.
You die...

## .# .# )########## #
+##
......[...###.######..#
...#........#..5......#
...#........#...@.....#
...'......).#.........#
######.###########....#
######.######..###....#
....#..........#......#
....#..........+......#
###.###..##..####.##.)#
###.###..########.###+#
..#...s..+............#


You could see Grinder.

Vanquished Creatures
  An adder (D:4)
  A shadow imp (D:5)
  A worm (D:5)
  A frilled lizard (D:5)
4 creatures vanquished.

Vanquished Creatures (others)
  4 plants (D:4)
4 creatures vanquished.

Grand Total: 8 creatures vanquished

Notes
Turn   | Place    | Note
-------+----------+-------------------------------------------
     0 | D:5      | sokol815 the Octopode Delver began the quest for the Orb.
     0 | D:5      | Reached XP level 1. HP: 16/16 MP: 1/1
    31 | D:5      | Reached skill level 1 in Short Blades
    31 | D:5      | Reached XP level 2. HP: 21/21 MP: 2/2
    80 | D:5      | Found a basalt altar of Yredelemnul.
   358 | D:4      | Found a white marble altar of Elyvilon.
   434 | D:4      | Noticed a scorpion
   441 | D:4      | Found Arramem's Antique Weapon Shop.
   461 | D:4      | Noticed Grinder
   469 | D:4      | HP: 2/21 [Grinder (5)]
   470 | D:4      | Slain by Grinder

Illustrated notes

Levels and vault maps discovered:
D:4:      cheibrodos_old_hovel, layout_gridville, elyvilon_altar_1,
          minmay_temple_entry_poolview, serial_shops,
          nicolae_shop_competitors_out_of_business, shop, kennysheep_little_box,
          shop, uniq_eustachio, uniq_grinder
D:5:      layout_cave_pods, general_overflow_altar,
          chequers_serial_rivers_micro_b

Skill      XL: |  1 |
---------------+----+-----
Short Blades   | 1 |  1.5
Fighting       | |  3.0
Long Blades    | |  2.0
Dodging        | |  2.7
Stealth        | |  6.6

Action                   || total
-------------------------++-------
Melee: Short sword       ||    11
       Constrict         ||     2
       Tentacles         ||     2
 Stab: Sleeping          ||     1
Dodge: Dodged            ||     5

Table legend: (Time is in decaauts)
 A = Elapsed time spent in this place.
 B = Non-inter-level travel time spent in this place.
 C = Inter-level travel time spent in this place.
 D = Time resting spent in this place.
 E = Time spent auto-exploring this place.
 F = Levels seen in this place.
 G = Mean time per level.
                   A        B        C        D        E       F      G
               +--------+--------+--------+--------+--------+-----+--------+
         Total |    469 |    464 |      5 |      0 |    380 |   2 |  234.5 |
       Dungeon |    469 |    464 |      5 |      0 |    380 |   2 |  234.5 |
               +--------+--------+--------+--------+--------+-----+--------+

Top non-repeatable levels by time:
     D:5: 344 daAuts
     D:4: 124 daAuts

Table legend:
 A = Kills in this place as a percentage of kills in entire the game.
 B = Kills by you in this place as a percentage of kills by you in the entire game.
 C = Kills by friends in this place as a percentage of kills by friends in the entire game.
 D = Other kills in this place as a percentage of other kills in the entire game.
 E = Experience gained in this place as a percentage of experience gained in the entire game.
 F = Experience gained in this place divided by the number of levels of this place that you have seen.
                   A       B       C       D       E      F
               +-------+-------+-------+-------+-------+----------------------
         Total | 100.0 | 100.0 |   N/A |   N/A | 100.0 |  15.0
       Dungeon | 100.0 | 100.0 |   N/A |   N/A | 100.0 |  15.0
               +-------+-------+-------+-------+-------+----------------------
